AoeStats
← DLLT Mauroski

Arabia

509545921Analyzed
1v1 RM · 6d ago on Sep 27, 2026· 37m 5s· 2 players
Game mode
Random Map
Map size
Tiny (2 player)
Population
200
Speed
Normal
Resources
Standard
Victory
Conquest
Starting age
Dark Age
Ending age
Imperial Age
RankedLock teamsTeams togetherTeam positionsShared explorationLock speedFull tech treeHidden civsTurbo modeCheats
Victory
Defeat
🇵🇪 Franks · Peru
1185
+17
🇦🇷 Khmer · Argentina
1211
-17
argot21
6:26 Loom
9:38 Feudal Age
17:51 Double-Bit Axe
23:19 Castle Age
22:03 Forging
22:45 Scale Barding Armor
25:15 Iron Casting
24:50 Pikeman
27:23 Scale Mail Armor
30:56 Chain Mail Armor
31:20 Squires
34:20 Chain Barding Armor
35:12 Bow Saw
35:19 Town Watch
DLLT Mauroski
7:01 Loom
8:54 Feudal Age
10:20 Double-Bit Axe
10:16 Horse Collar
22:39 Castle Age
22:15 Scale Barding Armor
22:40 Bloodlines
22:43 Forging
23:34 Husbandry
Connection lost

Rejoining the realm…

Still unreachable

The connection could not be restored.

Session expired

The server has moved on; the page needs a fresh start.